Map: Eternal Empire LE

Players

llllllllllll - Winner!

  • Race: Protoss Protoss
  • League: Master
  • Spawn Location: 7:00

llllllllllll

  • Race: Terran Terran
  • League: Master
  • Spawn Location: 1:00

VOD

Have the link to the VOD?

Description

Time

  • Played on: March 13, 2020, 8:07 p.m.
  • Length: 5:35
Show
View Real Time Build Order
Export as new Build Order

llllllllllll Protoss - Winner!

Build Orders: 1 Gate Expand 

Get SALT Encoding   

  12  0:00  Probe  
  13  0:13  Probe  
  14  0:17  Pylon  
  14  0:25  Probe (Chrono Boost)  
  16  0:35  Probe (Chrono Boost)  
  16  0:39  Gateway  
  16  0:41  Probe  
  16  0:48  Assimilator  
  17  0:53  Probe  
  18  1:06  Probe  
  19  1:22  Nexus  
  19  1:31  Cybernetics Core  
  19  1:35  Probe  
  20  1:45  Assimilator  
  21  1:47  Probe  
  21  1:58  Pylon  
  21  1:59  Probe  
  22  2:16  Stalker (Chrono Boost)  
  22  2:17  Warp Gate  
  22  2:21  Gateway  
  24  2:24  Probe  
  24  2:38  Stalker (Chrono Boost)  
  24  2:43  Shield Battery  
  26  3:12  Stalker (Chrono Boost)  
  26  3:14  Stalker (Chrono Boost)  
  28  3:21  Probe  
  28  3:33  Probe  
  29  3:35  Stalker x2 (Chrono Boost)  
  33  3:45  Probe  
  32  3:54  Gateway  
  30  3:58  Probe  
  31  4:05  Pylon  
  31  4:20  Stalker x2  
  29  4:32  Probe  
  29  4:35  Probe, Gateway  
  31  4:38  Shield Battery  
  31  4:44  Stalker x2  
  34  4:54  Probe x2  
  36  5:01  Robotics Facility  
  36  5:06  Probe x2  
  38  5:17  Stalker  
  38  5:18  Probe x2  
  42  5:25  Stalker  
Show
View Real Time Build Order
Export as new Build Order

llllllllllll Terran 

Build Orders:  

Get SALT Encoding   

  12  0:01  SCV  
  13  0:13  SCV  
  14  0:18  Supply Depot  
  14  0:25  SCV  
  15  0:40  Barracks  
  15  0:42  Refinery  
  15  1:00  Barracks  
  15  1:11  Barracks  
  15  1:22  Refinery  
  15  1:30  Reaper  
  17  1:47  Reaper  
  17  1:50  SCV  
  18  1:59  Reaper  
  19  2:04  Reaper  
  20  2:10  Supply Depot  
  20  2:19  Reaper  
  21  2:31  Reaper  
  21  2:36  Reaper  
  24  2:51  Reaper  
  23  3:07  Reaper  
  24  3:14  Reaper  
  25  3:23  Reaper  
  25  3:39  Reaper  
  26  3:46  Reaper  
  25  3:55  Reaper  
  25  4:12  Reaper  
  25  4:18  Reaper  
  25  4:27  Reaper  
  24  4:32  SCV  
  25  4:42  Command Center  
  25  4:44  Reaper  
  26  4:50  Reaper  
  27  4:56  Orbital Command  
  27  4:59  Reaper  
  28  5:09  Barracks  
Tags
 
Add a new tag
Caveats
  • Supply blocks, unpowered buildings, or Contaminate may cause inaccurate times.
  • Supply counts are checked every 10 seconds.